 Dungeon Crawl Stone Soup version 0.29-a0-321-gf1c400731a (webtiles) character file.

Game seed: 8438440273779733898

74 tilp the Chiller (level 4, 19/19 HPs)
             Began as a Felid Ice Elementalist on Apr 4, 2022.
             Quit the game on level 4 of the Dungeon.
             The game lasted 00:03:47 (3869 turns).

tilp the Chiller (Felid Ice Elementalist)           Turns: 3869, Time: 00:03:48

Health: 19/19      AC:  1    Str:  4    XL:     4   Next: 10%
Magic:  9/9        EV: 17    Int: 19    God:
Gold:   166        SH:  0    Dex: 16    Spells: 2/9 levels left
                                        Lives:  0   Deaths: 1

rFire   . . .      SeeInvis +   (weapon unavailable)
rCold   . . .      Faith    .   (shield unavailable)
rNeg    . . .      Spirit   .   (body armour unavailable)
rPois   .          Reflect  .   (helmet unavailable)
rElec   .          Harm     .   (cloak unavailable)
rCorr   .          Rampage  .   (gloves unavailable)
Will    +....                   (boots unavailable)
Stlth   ++........              (no amulet)
HPRegen 0.06/turn               d - ring of willpower
MPRegen 0.11/turn               (no ring)

@: quick
A: very small, claws 1, fangs 3, see invisible, speed 1, shaggy fur 1, stealthy
paws, no weapons or thrown items, no armour, multi-lived
a: no special abilities


You were on level 4 of the Dungeon.
You visited 1 branch of the dungeon, and saw 4 of its levels.

You collected 166 gold pieces.

Inventory:

Jewellery
 d - a ring of willpower (left paw)
Wands
 e - a wand of mindburst (14)
Scrolls
 c - a scroll of noise {unknown}
 f - a scroll of teleportation {unknown}
Potions
 a - a potion of magic
 b - 2 potions of flight {unknown}


   Skills:
 - Level 2.0 Fighting
 - Level 2.6 Dodging
 - Level 2.6 Stealth
 - Level 3.0 Spellcasting
 * Level 5.0 Ice Magic


You had 2 spell levels left.
You knew the following spells:

 Your Spells              Type           Power      Damage    Failure   Level
a - Freeze                Ice            84%        1d10      1%          1
b - Frozen Ramparts       Ice            42%        1d6       6%          3
c - Ozocubu's Armour      Ice            21%        N/A       6%          3

Your spell library contained the following spells:

 Spells                   Type           Power      Damage    Failure   Level
 Hailstorm                Conj/Ice       12%        3d5       47%         4


Dungeon Overview and Level Annotations

Branches:
Dungeon (4/15)
 Temple: D:4-7

Altars:
Zin

Annotations:
D:2 1 runed translucent door, Crazy Yiuf
D:3 2 runed translucent doors, thewiebster's ghost, weakling GnFi


Innate Abilities, Weirdness & Mutations

You have sharp claws.
You have razor-sharp teeth.
You have supernaturally acute eyesight. (SInv)
You cover ground quickly. (Speed+)
You are covered in fur. (AC +1)
Your paws help you pounce on unaware monsters.
You are incapable of wielding weapons or throwing items.
You cannot wear armour.
You gain extra lives every three experience levels.


Message History

The necrophage closely misses you.
You scratch the necrophage.
The necrophage is severely damaged.
The necrophage barely misses you.
You scratch the necrophage but do no damage.
Your bite misses the necrophage.
The necrophage is severely damaged.
The necrophage hits you.
You feel drained.
You are too injured to fight recklessly!
You are too injured to fight recklessly!
You are too injured to fight recklessly!
You scratch the necrophage but do no damage.
The necrophage is severely damaged.
The necrophage hits you but does no damage.
You scratch the necrophage but do no damage.
You bite the necrophage, but do no damage.
The necrophage is severely damaged.
The necrophage barely misses you.
You scratch the necrophage.
The necrophage is severely damaged.
The necrophage hits you.
You feel drained.
You scratch the necrophage. You bite the necrophage.
The necrophage is almost destroyed.
The necrophage closely misses you.
You barely miss the necrophage.
The necrophage is almost destroyed.
The necrophage hits you.
* * * LOW HITPOINT WARNING * * *
You feel drained.
* * * LOW HITPOINT WARNING * * *
You scratch the necrophage but do no damage.
The necrophage is almost destroyed.
The necrophage hits you.
* * * LOW HITPOINT WARNING * * *
You feel drained.
You die...
You are now level 4!
You rejoin the land of the living...
Unknown command.
Are you sure you want to abandon this character and quit the game? (Confirm with "yes".)

#.# #.# #.# #.# #.# #.# #.# #.#
#.# #.# #.# #.# #.# #†# ######'##
#.#
........########@################
......>......................)...
........#######....##############
######†## #....# #†# #....# #.#
#....# #.# #....# #.# #....# #.#
#....#


There were no monsters in sight!

Vanquished Creatures
  A howler monkey (D:3)
  5 adders
  3 dart slugs
  5 ball pythons
  2 bats
  6 endoplasms
  3 giant cockroaches
  5 goblins
  5 hobgoblins
  5 jackals
  5 kobolds
  4 quokkas
  4 frilled lizards
  5 rats
58 creatures vanquished.

Notes
Turn   | Place    | Note
-------+----------+-------------------------------------------
     0 | D:1      | tilp the Felid Ice Elementalist began the quest for the
                  | Orb.
     0 | D:1      | Reached XP level 1. HP: 7/7 MP: 4/4
   187 | D:1      | Found a faded altar of an unknown god.
   246 | D:1      | Reached XP level 2. HP: 7/12 MP: 0/6
   922 | D:2      | Reached skill level 1 in Fighting
   922 | D:2      | Reached skill level 4 in Ice Magic
  1018 | D:2      | Found a runed translucent door.
  1019 | D:2      | Noticed Crazy Yiuf
  1096 | D:2      | Reached XP level 3. HP: 9/15 MP: 4/7
  1100 | D:2      | Learned a level 3 spell: Frozen Ramparts
  1967 | D:3      | Found a large runed translucent door.
  1968 | D:3      | Found a large runed translucent door.
  1984 | D:3      | Noticed thewiebster's ghost (weakling GnFi)
  2381 | D:3      | Learned a level 3 spell: Ozocubu's Armour
  2499 | D:3      | Reached XP level 4. HP: 19/19 MP: 0/8
  3131 | D:3      | Found a glowing silver altar of Zin.
  3703 | D:4      | Reached XP level 5. HP: 18/22 MP: 2/10
  3787 | D:4      | Reached skill level 5 in Ice Magic
  3868 | D:4      | Slain by a necrophage
  3869 | D:4      | Reached XP level 4. HP: 0/14 MP: 9/9
  3869 | D:4      | Quit the game

Illustrated notes

Levels and vault maps discovered:
D:1:      grunt_arrival_crossed_arrows, layout_loops_ring,
          hellmonk_ecumenical_altar_leap_of_faith, minmay_misc_feat_diagonals,
          hangedman_decor_growths, roderic_serpentine_path,
          grunt_decor_one_mirror
D:2:      layout_basic, uniq_crazy_yiuf_cottage
D:3:      layout_loops_corners, mainiacjoe_overflow_alcove_4,
          ebering_ghost_disaster_area
D:4:      layout_basic

Skill      XL: |  1  2  3  4  5 |
---------------+----------------+-----
Fighting       | 1 2 |  2.0
Ice Magic      | 4 5 |  5.0
Spellcasting   | 3 |  3.0
Dodging        | |  2.6
Stealth        | |  2.6

Action                   |  1- 3 |  4- 6 || total
-------------------------+-------+-------++-------
Melee: Unarmed           |    23 |    28 ||    51
       Bite              |     2 |     4 ||     6
 Cast: Freeze            |    32 |    12 ||    44
       Frozen Ramparts   |    11 |     9 ||    20
       Ozocubu's Armour  |     2 |     1 ||     3
  Use: Scroll            |     1 |       ||     1
 Stab: Sleeping          |     9 |     2 ||    11
Armor: Skin              |     2 |     4 ||     6
Dodge: Dodged            |    37 |    24 ||    61

Table legend: (Time is in decaauts)
 A = Elapsed time spent in this place.
 B = Non-inter-level travel time spent in this place.
 C = Inter-level travel time spent in this place.
 D = Time resting spent in this place.
 E = Time spent auto-exploring this place.
 F = Levels seen in this place.
 G = Mean time per level.
                   A        B        C        D        E       F      G
               +--------+--------+--------+--------+--------+-----+--------+
         Total |   3404 |   3344 |     60 |    307 |   2572 |   4 |  851.0 |
       Dungeon |   3404 |   3344 |     60 |    307 |   2572 |   4 |  851.0 |
               +--------+--------+--------+--------+--------+-----+--------+

Top non-repeatable levels by time:
     D:3: 1293 daAuts
     D:2: 933 daAuts
     D:1: 741 daAuts
     D:4: 436 daAuts
